 Dungeon Crawl Stone Soup version 0.29.1-12-g30fa7ad0bf (webtiles) character file.

Game seed: 9319121170748244215

230503 CungeonDrawl the Warrior (level 20, -1/162 HPs)
             Began as a Djinni Air Elementalist on Dec 12, 2022.
             Was the Champion of Makhleb.
             Slain by a ghost moth (8 damage)
             ... on level 4 of the Spider Nest on Dec 13, 2022.
             The game lasted 05:57:50 (68272 turns).

CungeonDrawl the Warrior (Djinni Air Elementalist) Turns: 68272, Time: 05:57:51

Health: -1/162     AC:  9    Str:  7    XL:     20   Next: 26%
Gold:   4555       EV: 22    Int: 30    God:    Makhleb [******] SH:  5 Dex: 16

rFire   + + .      SeeInvis +   E - staff of air
rCold   . . .      Faith    .   p - +0 buckler
rNeg    . . .      Spirit   .   u - +1 robe of Fudghow {+Inv Will++}
rPois   ∞          Reflect  .   e - +2 hat {Will+}
rElec   +          Harm     .   h - +2 cloak of the Thief {*Fog Slay-2 SInv Stlth+}
rCorr   .          Rampage  .   U - +0 pair of gloves
Will    +++++                   (boots unavailable)
Stlth   +++.......              X - amulet of regeneration
HPRegen 1.17/turn               L - +6 ring of intelligence
MPRegen 0.00/turn               O - ring of protection from cold

@: about to teleport, flying
A: sickness immunity, fire resistance 2, cold vulnerability 1, float, innate
caster, HP casting, extra vitality 1
}: 1/15 runes: decaying
a: Renounce Religion, Evoke Invisibility, Minor Destruction, Lesser Servant of
Makhleb, Major Destruction, Greater Servant of Makhleb


You were on level 4 of the Spider Nest.
You worshipped Makhleb.
Makhleb was exalted by your worship.
You visited 7 branches of the dungeon, and saw 33 of its levels.
You visited 1 bazaar.
You also visited: Sewer.

You collected 7348 gold pieces.
You spent 2793 gold pieces at shops.

Inventory:

Missiles
 s - 2 throwing nets
 B - 5 atropa-tipped darts
 G - 12 datura-tipped darts
Armour
 e - a +2 hat of willpower (worn)
 h - the +2 cloak of the Thief (worn) {*Fog Slay-2 SInv Stlth+}
   (You acquired it on level 3 of the Spider Nest)

   It may release a thick cloud of smoke when the wearer is hurt.
   Slay:      It affects your accuracy & damage with ranged weapons and melee
   (-2).
   SInv:      It lets you see invisible.
   Stlth:     It makes you more stealthy.
 p - a +0 buckler (worn)
 t - a +0 troll leather armour
 u - the +1 robe of Fudghow (worn) {+Inv Will++}
   (You found it on level 5 of the Dungeon)

   +Inv:      It lets you turn invisible.
   Will:      It greatly increases your willpower.
 U - a +0 pair of gloves (worn)
Magical Staves
 E - a staff of air (weapon)
Jewellery
 L - a +6 ring of intelligence (left hand)
 O - a ring of protection from cold (right hand)
 W - a ring of resist corrosion
 X - an amulet of regeneration (around neck)
Wands
 a - a wand of mindburst (22)
 l - a wand of flame (47)
 q - a wand of roots (42)
 r - a wand of acid (26)
 Q - a wand of polymorph (13)
 V - a wand of digging (10)
 Z - a wand of charming (8)
Scrolls
 d - 5 scrolls of noise
 f - a scroll of silence
 j - 8 scrolls of teleportation
 k - a scroll of immolation
 o - 4 scrolls of poison
 v - a scroll of torment
 w - 7 scrolls of magic mapping
 x - 2 scrolls of blinking
 y - 6 scrolls of butterflies
 z - 5 scrolls of enchant armour
 D - a scroll of fear
 F - 5 scrolls of vulnerability
Potions
 b - 12 potions of ambrosia
 c - 9 potions of mutation
 i - 5 potions of haste
 m - 3 potions of brilliance
 A - 4 potions of heal wounds
 C - 4 potions of lignification
 J - 3 potions of attraction
 K - 3 potions of resistance
 R - 4 potions of curing
 S - 2 potions of cancellation
 T - a potion of invisibility
Miscellaneous
 g - a tin of tremorstones (2/2)
 n - a lightning rod (4/4)
 I - a condenser vane


   Skills:
 - Level 20.0 Fighting
 - Level 18.2 Dodging
 - Level 1.5 Stealth
 - Level 4.0 Shields
 * Level 13.9 Spellcasting
 - Level 15.4 Evocations


You couldn't memorise any spells.
You knew the following spells:

 Your Spells              Type           Power      Damage    Failure   Level
a - Shock                 Conj/Air       100%       1d9       0%          1
b - Static Discharge      Conj/Air       100%       3-16/arc  0%          2
c - Swiftness             Air            100%       N/A       1%          3
d - Airstrike             Air            51%        2d(8-24)  1%          4
e - Apportation           Tloc           100%       N/A       0%          1
f - Call Imp              Summ           81%        N/A       0%          2
g - Confusing Touch       Hex            81%        N/A       1%          3
h - Stone Arrow           Conj/Erth      100%       3d13      1%          3
i - Sticky Flame          Conj/Fire      81%        2d9       1%          4
j - Lightning Bolt        Conj/Air       51%        1d72      1%          5
k - Simulacrum            Ice/Necr       40%        N/A       1%          6
l - Death Channel         Necr           40%        N/A       1%          6
m - Monstrous Menagerie   Summ           40%        N/A       9%          7
Your spell library was empty.

Dungeon Overview and Level Annotations

Branches:
Dungeon (15/15)            Temple (1/1) D:6            Lair (5/5) D:9
  Swamp (4/4) Lair:2       Spider (4/4) Lair:2        Slime (0/5) Lair:4
    Orc (2/2) D:10            Elf (2/3) Orc:2        Vaults (0/5) D:14
 Depths (0/4) D:15          Sewer (visited)

Altars:
Ashenzari
Cheibriados
Dithmenos
Elyvilon
Fedhas
Gozag
Hepliaklqana
Makhleb
Nemelex Xobeh
Okawaru
Qazlal
Ru
Trog
Uskayaw
Wu Jian
Xom
Yredelemnul
Zin
The Shining One
Jiyva
Lugonu

Shops:
D:1 (![([   D:13 *!?(   Orc:2 !(![   Elf:1 *[

Portals:
Abyss: Lair:2

Annotations:
D:15 Jorgrun
Spider:4 Roxanne
Elf:2 3 runed translucent doors


Innate Abilities, Weirdness & Mutations

You are immune to sickness and miasma.
You are immune to poison.
Your flesh is very heat resistant. (rF++)
You are vulnerable to cold. (rC-)
You float through the air rather than walking.
You learn spells naturally, not from books.
Your magical power is your life essence.
You have superior vitality. (+4 MHP)


Message History

The hornet is heavily wounded.
The emperor scorpion misses you.
The emperor scorpion completely misses you.
The emperor scorpion claws you.
The hornet evades a web.
The spark wasp stings you! The spark wasp shocks you. You resist.
Press: ? - help, v - describe, . - travel
Here: a hornet (purple smoke, heavily wounded)
A web.
Unknown command.
As you read the scroll of teleportation, it crumbles to dust.
You feel strangely unstable. The spark wasp misses you.
A ghost moth comes into view.
The emperor scorpion misses you.
The emperor scorpion closely misses you.
The emperor scorpion claws you but does no damage.
The hornet completely misses you.
You feel better. The spark wasp stings you! The spark wasp shocks you.
You resist.
The hornet is caught in a web!
The emperor scorpion stings you!
The emperor scorpion closely misses you.
The emperor scorpion claws you.
* * * LOW HITPOINT WARNING * * *
The spark wasp stings you!
* * * LOW HITPOINT WARNING * * *
The spark wasp shocks you. You resist.
* * * LOW HITPOINT WARNING * * *
As you read the scroll of fear, it crumbles to dust.
You assume a fearsome visage.
The spark wasp resists with some effort.
The emperor scorpion easily resists.
The hornet looks frightened!
The emperor scorpion looks frightened!
The hornet looks frightened!
The ghost moth resists with some effort.
The emperor scorpion barely misses you.
The emperor scorpion claws you but does no damage.
You block the emperor scorpion's attack.
The spark wasp stings you!!
* * * LOW HITPOINT WARNING * * *
The spark wasp shocks you. You resist.
* * * LOW HITPOINT WARNING * * *
The ghost moth completely misses you. The ghost moth hits you!
You die...

##~~.~~~~.############
. ###..~~~.#### ####
.. #..~#..##.. !.. ..
#^..#####..s .. ..#
##...## sy##§ ##..~##
#§§# #...~# ##y§#
###...~##


#yys# ##.##.†..###@s## ^ ##..~~~~...##~.##^... #..^~~~#.......^.~.~^#
###~~#######..^..##### #### ###...# ##### You could see 2 emperor scorpions, a
ghost moth (invisible), a spark wasp and a hornet (webbed, fleeing).

Vanquished Creatures
  Arachne (Spider:3)
  Gastronok (Orc:1)
  Kirke (Spider:2)
  2 emperor scorpions
  A fenstrider witch (Swamp:4)
  A deep elf sorcerer (Elf:1)
  A caustic shrike zombie (D:15)
  Aizul (Swamp:4)
  3 ghost moths (Spider:4)
  Louise (Swamp:4)
  A broodmother (Lair:2)
  3 deep elf demonologists
  3 eleionomae
  2 spark wasps
  5 entropy weavers
  5 bunyips
  A deep elf annihilator (Elf:1)
  A deep elf death mage (Elf:1)
  4 vault guards (D:14)
  5 radroaches
  24 hydras
  4 catoblepae
  9 boulder beetles
  5 centaur warriors
  A spriggan air mage (Swamp:4)
  An ogre mage (Orc:1)
  3 jorogumos
  12 death yaks
  6 two-headed ogres
  8 alligators
  14 dancing weapons
  A death scarab (Spider:3)
  3 tengu warriors (D:14)
  Urug (D:12)
  A vampire mage (D:15)
  The ghost of Henri the Covert, a journeyman VSEn of Wu Jian (D:11)
  An orc high priest (Orc:2)
  5 deep elf knights
  8 pharaoh ants
  2 goliath frogs
  2 skeletal warriors (D:14)
  A sun moth (Spider:4)
  7 orb spiders
  A golden dragon zombie (D:15)
  8 swamp dragons
  A wizard (D:15)
  An orange crystal statue (D:13)
  2 deep elf archers
  13 bog bodies
  7 spriggan druids
  4 steelbarb worms
  Pikel (D:5)
  The ghost of Gabide the Charlatan, a novice DrAr of Gozag (D:5)
  25 deep elf pyromancers
  12 ugly things
  3 orc knights
  8 deep elf zephyrmancers
  A necromancer (D:15)
  A fire giant zombie (D:15)
  8 orc sorcerers
  21 wolf spiders
  5 manticores
  The ghost of Henri the Tainter, a novice OpVM (D:6)
  2 statues (D:15)
  4 will-o-the-wisps
  7 cyclopes
  A moth of wrath (Spider:2)
  4 elephants (Lair:3)
  A black mamba (shapeshifter) (Elf:1)
  6 black mambas
  5 torpor snails
  10 cane toads
  4 kobold demonologists
  7 demonic crawlers
  2 unseen horrors
  2 efreet
  4 rime drakes
  A freezing wraith (D:14)
  11 komodo dragons
  3 tengu conjurers
  A queen bee (D:13)
  5 trolls
  8 meliai
  5 bloated husks
  A raiju (shapeshifter) (D:14)
  2 hornets
  5 polar bears
  27 tarantellas
  Grinder (D:4)
  11 tyrant leeches
  An ettin zombie (D:15)
  25 blink frogs
  A dream sheep (shapeshifter) (Elf:2)
  23 dream sheep
  Sigmund (D:6)
  An air elemental (Elf:1)
  10 slime creatures
  19 culicivoras
  26 jumping spiders
  5 shadows
  4 wyverns
  A spriggan (Swamp:2)
  A water elemental (Elf:1)
  A wraith (D:14)
  63 yaks
  Eustachio (D:6)
  2 vampires
  A fire elemental (Elf:1)
  3 hogs
  2 steam dragons
  8 vampire mosquitoes
  69 redbacks
  A basilisk (Lair:5)
  14 swamp worms
  Menkaure (D:6)
  A swamp worm (shapeshifter) (Elf:1)
  2 wargs
  19 water moccasins
  11 swamp drakes
  22 orc warriors
  2 sky beasts
  An ice beast (D:5)
  3 black bears
  17 wolves
  12 ogres
  3 centaurs
  4 lemures
  5 kobold brigands
  2 necrophages (D:6)
  9 bullfrogs
  A gnoll sergeant (D:7)
  4 earth elementals
  5 scorpions
  17 wights
  28 killer bees
  An electric eel (Spider:4)
  8 howler monkeys
  A lava snake (D:14)
  30 orc priests
  A gnoll bouda (D:7)
  2 hounds
  2 jellies
  Jessica (D:3)
  41 orc wizards
  Crazy Yiuf (D:6)
  Ijyb (D:4)
  3 iguanas
  12 hell rats
  18 adders
  11 gnolls
  2 river rats (Sewer)
  An ufetubus (D:4)
  2 worms (Sewer)
  A dart slug (D:2)
  78 orcs
  13 ball pythons
  17 bats
  3 bat zombies (D:13)
  10 endoplasms
  6 giant cockroaches
  7 goblins
  7 hobgoblins
  10 jackals
  16 quokkas
  4 frilled lizards
  35 kobolds
  2 rats (D:2)
  A rat zombie (D:13)
  2 lurking horrors (Lair:2)
1229 creatures vanquished.

Vanquished Creatures (collateral kills)
  the Lernaean hydra (Swamp:4)
  A meliai (D:15)
  A yak (Lair:5)
  An orc (D:4)
  A jackal (Sewer)
  A kobold (D:9)
6 creatures vanquished.

Vanquished Creatures (others)
  An eleionoma (Swamp:2)
  2 bloated husks (Swamp:2)
  A human (Spider:2)
  6 foxfires
  56 fungi
  38 plants
  4 toadstools (D:1)
  7 withered plants (D:15)
115 creatures vanquished.

Grand Total: 1350 creatures vanquished

Notes
Turn   | Place    | Note
-------+----------+-------------------------------------------
     0 | D:1      | CungeonDrawl the Djinni Air Elementalist began the quest
                  | for the Orb.
     0 | D:1      | CungeonDrawl set off with the following spells memorised:
                  | Shock, Static Discharge, Swiftness, Airstrike.
     0 | D:1      | Reached XP level 1. HP: 15/15 MP: 0/0
    19 | D:1      | Found a faded altar of an unknown god.
   185 | D:1      | Reached XP level 2. HP: 15/21 MP: 0/0
   269 | D:1      | Found Xeewnyera's Antique Weapon Shoppe.
   688 | D:1      | Found Wuz Buca's Distillery.
   692 | D:1      | Reached XP level 3. HP: 22/25 MP: 0/0
   692 | D:1      | Learned a level 1 spell: Apportation
   912 | D:1      | Found Qireut's Armour Emporium.
   965 | D:1      | Found Qopruafo's Armour Boutique.
  1205 | D:1      | Found Cedezaty's Antique Weapon Shoppe.
  1721 | D:2      | Reached XP level 4. HP: 17/31 MP: 0/0
  2731 | D:2      | Reached skill level 1 in Fighting
  2731 | D:2      | Reached XP level 5. HP: 26/37 MP: 0/0
  2731 | D:2      | Learned a level 2 spell: Call Imp
  2992 | D:3      | Reached skill level 2 in Fighting
  3237 | D:3      | Noticed Jessica
  3267 | D:3      | Killed Jessica
  3268 | D:3      | Reached skill level 3 in Fighting
  3345 | D:3      | Reached XP level 6. HP: 42/46 MP: 0/0
  4097 | D:1      | Bought a potion of heal wounds for 70 gold pieces
  4097 | D:1      | Bought a potion of curing for 42 gold pieces
  4241 | D:4      | Reached skill level 4 in Fighting
  4396 | D:4      | Found a white marble altar of Elyvilon.
  4413 | D:4      | Found a glowing drain.
  4484 | Sewer    | Entered a sewer
  5402 | Sewer    | Reached XP level 7. HP: 50/53 MP: 0/0
  5402 | Sewer    | Learned a level 3 spell: Confusing Touch
  5854 | D:4      | Noticed Grinder
  5916 | D:4      | Noticed Ijyb
  5930 | D:4      | Killed Ijyb
  6264 | D:5      | Entered Level 5 of the Dungeon
  6477 | D:5      | Reached skill level 5 in Spellcasting
  6568 | D:5      | Found a runed translucent door.
  6573 | D:5      | Noticed Gabide's ghost (novice DrAr)
  7246 | D:5      | Reached XP level 8. HP: 54/58 MP: 0/0
  7288 | D:5      | Noticed Pikel
  7517 | D:5      | Killed Pikel
  7638 | D:5      | Identified the +1 robe of Fudghow {+Inv Will++}
  7873 | D:6      | Noticed Menkaure
  8168 | D:6      | Noticed a shadow
  8235 | D:6      | Reached XP level 9. HP: 54/63 MP: 0/0
  8235 | D:6      | Learned a level 3 spell: Stone Arrow
  8269 | D:6      | Killed Menkaure
  8430 | D:6      | Noticed Eustachio
  8436 | D:6      | Killed Eustachio
  8620 | D:6      | Reached skill level 5 in Fighting
  8697 | D:6      | Found a staircase to the Ecumenical Temple.
  8699 | D:6      | Noticed Sigmund
  8803 | D:6      | Killed Sigmund
  8880 | D:6      | Reached skill level 6 in Fighting
  9486 | D:6      | Reached skill level 7 in Fighting
  9709 | Temple   | Entered the Ecumenical Temple
  9761 | Temple   | Became a worshipper of Makhleb the Destroyer
  9863 | D:6      | Found a sparkling altar of Nemelex Xobeh.
  9901 | D:6      | Found a transporter.
  9902 | D:6      | Noticed Henri's ghost (novice OpVM)
  9904 | D:6      | Found a transporter.
  9904 | D:6      | Identified the +7 dire flail of the Usurping Saviour
                  | {drain, rC+ rN+}
  9904 | D:6      | Identified the +3 great mace of Idwemium {elec, rElec rN+++
                  | Will- rCorr}
  9904 | D:6      | Noticed a two-headed ogre
 10013 | D:6      | Found a runed translucent door.
 10014 | D:6      | Noticed Crazy Yiuf
 10102 | D:6      | Killed Crazy Yiuf
 10318 | D:7      | Found Rollaeku's Magic Scroll Shop.
 10327 | D:7      | Bought a scroll of blinking for 82 gold pieces
 10415 | D:7      | Reached skill level 8 in Fighting
 10415 | D:7      | Reached XP level 10. HP: 65/76 MP: 0/0
 10969 | D:7      | Found a basalt altar of Yredelemnul.
 10999 | D:7      | Found a shimmering altar of Xom.
 11019 | D:7      | Reached skill level 9 in Fighting
 11421 | D:7      | Reached * piety under Makhleb
 11857 | D:7      | Found a sacrificial altar of Ru.
 12049 | D:1      | Bought a potion of heal wounds for 70 gold pieces
 12049 | D:1      | Bought a potion of lignification for 42 gold pieces
 12392 | D:8      | Reached skill level 10 in Fighting
 12858 | D:8      | Noticed a two-headed ogre
 13321 | D:8      | Killed a two-headed ogre
 13831 | D:8      | Reached skill level 11 in Fighting
 14490 | D:9      | Noticed a kobold demonologist
 14829 | D:9      | Reached XP level 11. HP: 82/89 MP: 0/0
 14829 | D:9      | Learned a level 4 spell: Sticky Flame
 14858 | D:9      | Found an opulent altar of Gozag.
 14869 | D:9      | Found a staircase to the Lair.
 15023 | D:9      | Reached skill level 12 in Fighting
 15537 | D:10     | Entered Level 10 of the Dungeon
 15568 | D:10     | Reached skill level 13 in Fighting
 15569 | D:10     | Reached ** piety under Makhleb
 16140 | D:10     | Found a staircase to the Orcish Mines.
 16945 | D:7      | Bought a scroll of blinking for 82 gold pieces
 16945 | D:7      | Bought a scroll of vulnerability for 44 gold pieces
 16945 | D:7      | Bought a scroll of amnesia for 44 gold pieces
 17310 | D:11     | Found a runed translucent gate.
 17311 | D:11     | Found a runed translucent gate.
 17311 | D:11     | Noticed Henri's ghost (journeyman VSEn)
 17312 | D:11     | Found a runed translucent gate.
 17313 | D:11     | Noticed a ten-headed hydra
 17354 | D:11     | Reached skill level 14 in Fighting
 17581 | D:11     | Noticed a manticore
 17594 | D:11     | Killed a manticore
 18528 | D:12     | Reached XP level 12. HP: 32/101 MP: 0/0
 18531 | D:12     | Noticed Urug
 18866 | D:12     | Reached skill level 15 in Fighting
 18960 | D:12     | Noticed an eight-headed hydra
 19122 | D:12     | Killed Urug
 19447 | D:11     | Reached *** piety under Makhleb
 20227 | D:13     | Found Hof Estall's Distillery.
 20238 | D:13     | Bought a potion of heal wounds for 75 gold pieces
 20295 | D:13     | Noticed a catoblepas
 20299 | D:13     | Killed a catoblepas
 20300 | D:13     | Reached skill level 16 in Fighting
 20376 | D:13     | Found Roli's Weapon Shoppe.
 20398 | D:13     | Noticed a centaur warrior
 20408 | D:13     | Found Annauto's Assorted Antiques.
 20618 | D:13     | HP: 5/103 [something (6)]
 20618 | D:13     | HP: 2/103 [something (3)]
 21313 | Lair:1   | Entered Level 1 of the Lair of Beasts
 21320 | Lair:1   | Noticed a death yak
 21325 | Lair:1   | Killed a death yak
 21332 | D:9      | HP: 1/105 [komodo dragon (19)]
 22744 | Lair:1   | Noticed a seven-headed hydra
 22781 | Lair:1   | Killed a seven-headed hydra
 22782 | Lair:1   | Reached skill level 17 in Fighting
 23550 | Lair:2   | Reached XP level 13. HP: 99/112 MP: 0/0
 23550 | Lair:2   | Learned a level 5 spell: Lightning Bolt
 23832 | Lair:2   | Found a hole to the Spider Nest.
 25764 | Lair:2   | Reached **** piety under Makhleb
 25768 | Lair:2   | Reached skill level 10 in Spellcasting
 25877 | Lair:2   | Found a corrupted altar of Lugonu.
 25879 | Lair:2   | Found a one-way gate to the infinite horrors of the Abyss.
 26739 | Lair:2   | Noticed a four-headed hydra
 26743 | Lair:2   | Killed a four-headed hydra
 26846 | Lair:2   | Reached skill level 5 in Evocations
 27501 | Lair:2   | Noticed a four-headed hydra
 27552 | Lair:2   | Killed a four-headed hydra
 27609 | Lair:2   | Noticed a four-headed hydra
 27627 | Lair:2   | Killed a four-headed hydra
 27717 | Lair:2   | Found a staircase to the Swamp.
 27811 | Lair:3   | Identified the +4 chain mail "Comnux" {Str+3 Int+6}
 28002 | Lair:3   | Reached XP level 14. HP: 108/119 MP: 0/0
 29102 | Lair:3   | Reached skill level 10 in Evocations
 29110 | Lair:3   | Reached ***** piety under Makhleb
 29248 | Lair:3   | Identified the +6 war axe "Impbane" {vorpal, rF++ Will++}
 29696 | D:1      | Bought a +0 buckler for 45 gold pieces
 29824 | D:4      | Killed Grinder
 29931 | D:5      | Killed Gabide's ghost
 30072 | D:6      | Killed Henri's ghost
 30192 | D:6      | Identified the +11 dagger of Vitwer {spect, rC+ rN+}
 30318 | D:7      | Bought a scroll of teleportation for 33 gold pieces
 30318 | D:7      | Bought a scroll of teleportation for 33 gold pieces
 30318 | D:7      | Bought a scroll of immolation for 44 gold pieces
 30540 | D:11     | Killed Henri's ghost
 31374 | Lair:4   | Found a burning altar of Makhleb.
 32108 | Lair:4   | Found a staircase to the Slime Pits.
 32108 | Lair:4   | Found a viscous altar of Jiyva.
 32113 | Lair:4   | Identified the +0 trident "Cerodu" {flame, *Rage Int+2
                  | Dex+4 SInv}
 32408 | Lair:5   | Entered Level 5 of the Lair of Beasts
 33986 | Lair:5   | Reached XP level 15. HP: 119/124 MP: 0/0
 33986 | Lair:5   | Learned a level 6 spell: Simulacrum
 34832 | Lair:5   | Found the +14 obsidian axe {vorpal, Mesm Drain Fly SInv}
 35152 | Lair:5   | Reached ****** piety under Makhleb
 35889 | Lair:5   | Identified the +2 leather armour of Cocytus {Int+4}
 36635 | Lair:5   | Reached skill level 15 in Evocations
 37195 | Lair:5   | Identified the ring of Yjuosh {*Corrode rElec Str+6 Slay+2}
 37508 | Lair:5   | Identified the +8 war axe "Zuonwiw" {vorpal, Str+2 Dex+3}
 37681 | Orc:1    | Entered Level 1 of the Orcish Mines
 38544 | Orc:2    | Entered Level 2 of the Orcish Mines
 39516 | Orc:2    | Found a staircase to the Elven Halls.
 39691 | Orc:2    | Reached skill level 5 in Dodging
 40687 | Orc:2    | Found Atir's Armour Boutique.
 40687 | Orc:2    | Found Arov's Antique Weapon Shop.
 40691 | Orc:2    | Found Ruuhun's Distillery.
 40693 | Orc:2    | Found Hoffoum's Distillery.
 40912 | Orc:2    | Bought a potion of cancellation for 112 gold pieces
 40912 | Orc:2    | Bought a potion of heal wounds for 70 gold pieces
 40914 | Orc:2    | Bought a potion of invisibility for 136 gold pieces
 41571 | Orc:2    | Reached XP level 16. HP: 106/130 MP: 0/0
 42195 | Orc:1    | Noticed Gastronok
 42234 | Orc:1    | Killed Gastronok
 43334 | D:13     | Found Egot's Magic Scroll Shoppe.
 43575 | D:13     | Bought a scroll of summoning for 142 gold pieces
 43575 | D:13     | Bought a scroll of acquirement for 780 gold pieces
 43575 | D:13     | Bought a scroll of fear for 60 gold pieces
 43575 | D:13     | Bought a scroll of butterflies for 60 gold pieces
 43575 | D:13     | Bought a scroll of teleportation for 45 gold pieces
 43581 | D:13     | Acquired a staff of air
 44278 | D:13     | Found a gateway to a bazaar.
 44854 | Bazaar   | Entered a bazaar
 44869 | Bazaar   | Found Norel's Distillery.
 44880 | Bazaar   | Found Isego's Magic Scroll Shoppe.
 44900 | Bazaar   | Found Cogo's Magic Scroll Shoppe.
 44927 | Bazaar   | Found Ryesigah's Distillery.
 44932 | Bazaar   | Bought a potion of brilliance for 32 gold pieces
 44932 | Bazaar   | Bought a potion of heal wounds for 40 gold pieces
 44949 | Bazaar   | Bought a scroll of blinking for 52 gold pieces
 44949 | Bazaar   | Bought a scroll of blinking for 52 gold pieces
 44949 | Bazaar   | Bought a scroll of butterflies for 28 gold pieces
 44949 | Bazaar   | Bought a scroll of teleportation for 21 gold pieces
 44969 | Bazaar   | Bought a scroll of butterflies for 52 gold pieces
 44969 | Bazaar   | Bought a scroll of poison for 52 gold pieces
 44969 | Bazaar   | Bought a scroll of immolation for 52 gold pieces
 44969 | Bazaar   | Bought a scroll of fear for 52 gold pieces
 44986 | Bazaar   | Bought a potion of brilliance for 48 gold pieces
 44986 | Bazaar   | Bought a potion of heal wounds for 60 gold pieces
 45003 | Bazaar   | Bought a scroll of teleportation for 39 gold pieces
 45003 | Bazaar   | Bought a scroll of teleportation for 39 gold pieces
 45152 | D:14     | Found a gate to the Vaults.
 45157 | D:14     | Reached skill level 10 in Dodging
 46627 | D:15     | Entered Level 15 of the Dungeon
 46840 | D:15     | Found a staircase to the Depths.
 49288 | D:15     | Noticed Jorgrun
 49975 | D:15     | Reached XP level 17. HP: 106/137 MP: 0/0
 49975 | D:15     | Learned a level 6 spell: Death Channel
 51515 | D:15     | Identified the +4 cloak of Qaclugot {rPois Will+ Dex+2
                  | Slay+2}
 51724 | Elf:1    | Entered Level 1 of the Elven Halls
 52075 | Elf:1    | Found Qeodd's Armour Shop.
 52081 | Elf:1    | Found Plog's General Store.
 52683 | Elf:1    | Found a transporter.
 52684 | Elf:1    | Found a transporter.
 52727 | Elf:1    | Reached skill level 15 in Dodging
 52955 | Elf:1    | Found a transporter.
 53130 | Elf:1    | Found a transporter.
 53270 | Elf:1    | Found a transporter.
 53283 | Elf:1    | Found a transporter.
 53878 | Elf:1    | Bought a +0 pair of gloves for 63 gold pieces
 54174 | Elf:2    | Found a runed translucent gate.
 54175 | Elf:2    | Found a runed translucent gate.
 54175 | Elf:2    | Found a runed translucent gate.
 54664 | Elf:2    | Reached skill level 18 in Fighting
 56325 | Swamp:1  | Entered Level 1 of the Swamp
 57328 | Swamp:2  | Reached XP level 18. HP: 99/147 MP: 0/0
 58018 | Swamp:2  | Reached skill level 19 in Fighting
 58872 | Swamp:1  | HP: 1/148 [five-headed hydra (10)]
 60620 | Swamp:4  | Entered Level 4 of the Swamp
 60620 | Swamp:4  | Noticed Aizul
 60928 | Swamp:4  | Reached skill level 20 in Fighting
 61045 | Swamp:4  | Noticed Louise
 61453 | Swamp:4  | Killed Aizul
 61778 | Swamp:4  | Noticed the 27-headed Lernaean hydra
 61791 | Swamp:4  | Killed the 27-headed Lernaean hydra
 61831 | Swamp:4  | Got a decaying rune of Zot
 62116 | Swamp:4  | Killed Louise
 62470 | Spider:1 | Entered Level 1 of the Spider Nest
 62491 | Spider:1 | Reached XP level 19. HP: 115/156 MP: 0/0
 62491 | Spider:1 | Learned a level 7 spell: Monstrous Menagerie
 63049 | Spider:2 | Noticed Kirke
 64678 | Spider:2 | Killed Kirke
 65666 | Spider:3 | Noticed Arachne
 65680 | Spider:3 | Killed Arachne
 66895 | Spider:3 | Acquired 513 gold pieces
 66896 | Spider:3 | Acquired the +2 cloak of the Thief {*Fog Slay-2 SInv
                  | Stlth+}
 66896 | Spider:3 | Found the +2 cloak of the Thief {*Fog Slay-2 SInv Stlth+}
 66897 | Spider:3 | Acquired 1281 gold pieces
 66920 | Spider:4 | Entered Level 4 of the Spider Nest
 67507 | Spider:4 | Reached XP level 20. HP: 162/162 MP: 0/0
 67582 | Spider:4 | Identified Roxanne's Spellbook of Transmutation
 67582 | Spider:4 | Noticed Roxanne
 67933 | Spider:4 | Acquired 1257 gold pieces
 67941 | Spider:4 | Identified the +7 war axe "Beast's Nightmare" {venom, rF+
                  | rN+ Dex+3}
 68003 | Spider:4 | Identified the +11 dire flail of Blood {vorpal, *Corrode
                  | rF+ Str+4}
 68272 | Spider:4 | HP: 7/162 [spark wasp (4)]
 68272 | Spider:4 | Slain by a ghost moth

Illustrated notes

Levels and vault maps discovered:
D:1:      ldierk_walled_garden_2, layout_basic, ebering_ecumenical_altar_box,
          serial_shops, shop, shop, shop, nicolae_shop_behind_doors, shop
D:2:      layout_loops_cross, nrook_mini_backslash, minmay_strange_pillars,
          nrook_loot_triangle, minmay_split_cup_large
D:3:      layout_loops_ring, mainiacjoe_overflow_six_doors_small, uniq_jessica
D:4:      layout_gridville, elyvilon_altar_5, portal_sewer_entry_f,
          amcnicky_mini_corridor_feature, uniq_ijyb, uniq_grinder
D:5:      layout_layer_cave, ebering_ghost_sewer_d, uniq_pikel
D:6:      layout_loops_ring, mainiacjoe_overflow_alcove_1,
          minmay_temple_entry_sparse_star, gammafunk_ghost_smash,
          minmay_misc_feat_pillars, uniq_eustachio, uniq_sigmund, uniq_menkaure,
          uniq_crazy_yiuf_cottage
D:7:      layout_rooms, mainiacjoe_overflow_alcove_2, kennysheep_mini,
          minitemple, serial_shops, nicolae_shop_crystal, chequers_jeans,
          supply_closet_lemuel, minmay_unpleasant_kobolds
D:8:      nicolae_BIG_FREAKIN_CUBE, layout_loops_corners
D:9:      layout_roguey, nicolae_gozag_cash_rules_everything_around_me,
          dpeg_oklobed_lair
D:10:     layout_cave_pools, david_orc_2
D:11:     layout_long_grid, gammafunk_ghost_hydra_chop,
          kennysheep_decorative_pillar, nrook_uturn
D:12:     layout_cave_pools, uniq_urug
D:13:     layout_roguey [special_room_bee], serial_shops, statue_bzr,
          nicolae_shop_bloodbath_and_beyond, nicolae_diamond_shop, shop, shop,
          lemuel_zombie_altar_kikubaaqudgha
D:14:     kennysheep_cluttered_fort, layout_irregular_city,
          lightli_vaults_fourway_checkpoint, nicolae_figureground_pulse
D:15:     gammafunk_depths_entry_grave, layout_cave_pools,
          minmay_tree_intersection, minmay_dual_archer_statues, uniq_jorgrun
Temple:   nicolae_temple_great_sept
Lair:1:   layout_cave_shapes, nicolae_lair_lil_pond, infiniplex_staircase_pool
Lair:2:   layout_hall_layers, palyth_hydra_swamp_entry, spider_nest_entry_a,
          amcnicky_altar_lugonu_corruption, grunt_megastairs_3
Lair:3:   layout_cellular_growth
Lair:4:   layout_cave_pods, slime_entry_1, gauntlet_entry_generic,
          portal_ice_cave_entry_pillars_1, basic_altar, grunt_megastairs_4
Lair:5:   evilmike_catoblepas_cave, layout_cave_pods,
          dreamdust_deal_with_the_devil, eino_small_chamber_without_monster,
          chequers_serial_rivers_micro_d, pond
Swamp:1:  layout_falls_marsh, hangedman_swamp_ruin_wall, swamp_pool5,
          nicolae_swamp_very_dense_foliage
Swamp:2:  layout_falls_marsh, nicolae_swamp_bean_lake
Swamp:3:  layout_basic_swamp, nicolae_swamp_fairy_circle
Swamp:4:  grunt_swamp_rune_castle, layout_basic_swamp, swamp_pool3, uniq_louise,
          uniq_aizul
Spider:1: layout_spider_delve, drop_trap
Spider:2: layout_spider_delve, uniq_kirke
Spider:3: layout_spider_delve, hangedman_stitches_earthworm, uniq_arachne
Spider:4: spider_rune_water, nicolae_spider_bug_shape, uniq_roxanne
Orc:1:    layout_caves, uniq_gastronok
Orc:2:    st_orc_mages, layout_diamond_mine, mines4_lemuel
Elf:1:    layout_gridlike, hangedman_elf_represent, nicolae_elf_big_sculpture_1,
          serial_nicolae_subway, nicolae_sub_station_metal,
          nicolae_sub_station_crystal, nicolae_sub_station_stone,
          lemuel_upstairs_altar, minmay_shop_star
Elf:2:    nicolae_elf_blades_crystal_corner, layout_geoelf_diagonals,
          minmay_misc_feat_diagonals

Skill      XL: |  1  2  3  4  5  6  7  8  9 10 11 12 13 14 15 16 17 18 19 |
---------------+----------------------------------------------------------+-----
Spellcasting   | 3 4 5 7 8 10 13 | 13.9
Fighting       | 1 3 4 8 11 14 17 18 20 | 20.0
Evocations     | 7 13 15 | 15.4
Shields        | 4 |  4.0
Dodging        | 6 13 15 18 | 18.2
Stealth        | |  1.5

Action                   |  1- 3 |  4- 6 |  7- 9 | 10-12 | 13-15 | 16-18 | 19-21 || total
-------------------------+-------+-------+-------+-------+-------+-------+-------++-------
Melee: Unarmed           |       |       |       |     2 |       |       |       ||     2
       Staff             |       |       |       |       |       |     1 |       ||     1
 Cast: Shock             |    72 |   181 |    84 |    12 |       |       |       ||   349
       Static Discharge  |     3 |    17 |    16 |     6 |       |     2 |       ||    44
       Call Imp          |       |     8 |     6 |     2 |     7 |     7 |     3 ||    33
       Swiftness         |       |       |     1 |    10 |    10 |     8 |     2 ||    31
       Airstrike         |       |       |    49 |   352 |   755 |   877 |   480 ||  2513
       Stone Arrow       |       |       |    23 |    43 |     5 |       |       ||    71
       Lightning Bolt    |       |       |       |       |    44 |    50 |    97 ||   191
       Sticky Flame      |       |       |       |       |     1 |       |       ||     1
 Abil: Evoke Invisibilit |       |       |       |       |       |     1 |       ||     1
  Use: Scroll            |       |       |     6 |    17 |     6 |    19 |     9 ||    57
       Potion            |       |       |       |    14 |     4 |     9 |     3 ||    30
Armor: Robe              |       |    10 |     6 |    29 |    38 |    49 |    29 ||   161
Dodge: Dodged            |       |    14 |    17 |   103 |   121 |   250 |   228 ||   733
       Repelled          |       |       |     2 |       |     1 |    11 |     4 ||    18
Block: Buckler           |       |       |       |       |    23 |    66 |    45 ||   134
